 Dungeon Crawl Stone Soup version 0.22.1-1-ga44c0e5 (webtiles) character file.

44 mandick the Insei (level 3, -2/27 HPs)
             Began as a Demonspawn Transmuter on Sept 30, 2018.
             Slain by an adder (5 damage)
             ... on level 2 of the Dungeon.
             The game lasted 00:04:08 (1129 turns).

mandick the Insei (Demonspawn Transmuter)           Turns: 1129, Time: 00:04:08

Health: -2/27      AC:  3    Str: 11    XL:     3   Next: 39%
Magic:  2/6        EV: 12    Int: 14    God:
Gold:   59         SH:  0    Dex: 13    Spells: 3/6 levels left

rFire    . . .     SeeInvis +     - Unarmed
rCold    . . .     Gourm    .   (no shield)
rNeg     . . .     Faith    .   b - +0 robe
rPois    .         Spirit   .   (no helmet)
rElec    .         Reflect  .   n - +0 cloak
rCorr    .         Harm     .   (no gloves)
MR       .....                  (boots currently unavailable)
Stlth    +.........             (no amulet)
HPRegen  0.09/turn              e - ring of see invisible
MPRegen  0.10/turn              (no ring)

@: lethally poisoned (-2 -> -6), appendage (expiring), very slightly
contaminated
A: claws 2, talons 3
a: End Transformation


You were on level 2 of the Dungeon.
You were not hungry.
You had grown temporary talons.
You visited 1 branch of the dungeon, and saw 2 of its levels.

You collected 59 gold pieces.

Inventory:

Hand Weapons
 l - a +1 vampiric short sword
Missiles
 a - 12 arrows
Armour
 b - a +0 robe (worn)
 n - a +0 cloak (worn)
Jewellery
 e - a ring of see invisible (left claw)
Scrolls
 c - 2 scrolls of teleportation {unknown}
 g - 2 scrolls of amnesia {unknown}
 k - a scroll of fog {unknown}
 o - a scroll of remove curse {unknown}
Potions
 h - a potion of cancellation {unknown}
 i - a potion of heal wounds {unknown}
 j - a potion of curing {unknown}
 m - 2 potions of haste {unknown}
Comestibles
 d - a ration
 f - 7 chunks of flesh


   Skills:
 * Level 1.8 Fighting
 + Level 2.2 Dodging
 + Level 3.0 Unarmed Combat
 - Level 2.0 Spellcasting
 + Level 2.4 Transmutations


You had 3 spell levels left.
You knew the following spells:

 Your Spells              Type           Power        Failure   Level  Hunger
a - Beastly Appendage     Tmut           #.....       9%          1    ##.....
b - Sticks to Snakes      Tmut           #.......     13%         2    ###....

Your spell library contained the following spells:

 Spells                   Type           Power        Failure   Level  Hunger
 Corona                   Hex            #......      24%         1    ##.....
 Ensorcelled Hibernation  Hex/Ice        #.....       34%         2    ###....
 Spider Form              Tmut/Pois      #.........   41%         3    ####...
 Confuse                  Hex            #.......     56%         3    ####...
 Dazzling Spray           Conj/Hex       #.....       56%         3    ####...
 Tukima's Dance           Hex            #.......     56%         3    ####...
 Ice Form                 Ice/Tmut       #.......     82%         4    #####..
 Blade Hands              Tmut           #.........   94%         5    ######.


Dungeon Overview and Level Annotations

Branches:
Dungeon (2/15)

Altars:
Dithmenos
Fedhas


Innate Abilities, Weirdness & Mutations

You have very sharp fingernails.
You have claws for feet.


Message History

The adder is moderately wounded.
* * * LOW HITPOINT WARNING * * *
You feel sick. The adder barely misses you.
You scratch the adder.
The adder is almost dead.
The adder bites you but does no damage. The adder misses you.
You scratch the adder but do no damage.
The adder is almost dead.
* * * LOW HITPOINT WARNING * * *
You feel sick. The adder bites you.
* * * LOW HITPOINT WARNING * * *
You miss the adder.
The adder is almost dead.
Your transformation is almost over.
The adder barely misses you.
You barely miss the adder.
The adder is almost dead.
* * * LOW HITPOINT WARNING * * *
You feel sick. The adder bites you.
You die...

##...........####
#...............# .
#........8.[....#
..##.............#.#
................#..#
...#........_...#.##
................#
..##........##.#
#...@......#...
#.....S......##..#
##...........# ..#
#....$......#
#...........#
###.........#
##......#..
######.##.


You could see an adder.

Vanquished Creatures
  An ooze (D:2)
  A dart slug (D:1)
  3 leopard geckos (D:1)
  3 bats (D:1)
  2 giant cockroaches (D:1)
  3 goblins
  3 hobgoblins (D:1)
  5 jackals
  2 frilled lizards (D:1)
  4 kobolds (D:1)
  4 rats (D:1)
31 creatures vanquished.

Notes
Turn   | Place    | Note
-------+----------+-------------------------------------------
     0 | D:1      | mandick the Demonspawn Transmuter began the quest for the
                  | Orb.
     0 | D:1      | Reached XP level 1. HP: 15/15 MP: 3/3
   301 | D:1      | Gained mutation: You have sharp fingernails. [demonic
                  | ancestry]
   301 | D:1      | Reached XP level 2. HP: 21/21 MP: 3/5
   786 | D:1      | Gained mutation: You have very sharp fingernails. [demonic
                  | ancestry]
   786 | D:1      | Reached XP level 3. HP: 26/26 MP: 4/6
   906 | D:1      | Learned a level 2 spell: Sticks to Snakes
  1065 | D:2      | Reached skill level 3 in Unarmed Combat
  1096 | D:2      | Found a blossoming altar of Fedhas.
  1100 | D:2      | Found a shadowy altar of Dithmenos.
  1129 | D:2      | Slain by an adder

Skill      XL: |  1  2  3 |
---------------+----------+-----
Transmutations | 2 |  2.4
Dodging        | 2 |  2.2
Unarmed Combat | 3 |  3.0
Fighting       | |  1.8
Spellcasting   | |  2.0

Action                   || total
-------------------------++-------
Melee: Unarmed           ||    87
       Kick              ||     9
       Headbutt          ||     5
       Punch             ||     1
 Cast: Beastly Appendage ||    11
  Eat: Chunk             ||     1
Armor: Robe              ||    18
Dodge: Dodged            ||    61
